 Dungeon Crawl Stone Soup version 0.16-a0-783-gf476f6a (webtiles) character file.

39 PolkaDot the Caller (level 3, 0/26 HPs)
             Began as a Vampire Summoner on Sept 26, 2014.
             Slain by Terence
             ... wielding a +0 trident
              (9 damage)
             ... on Level 2 of the Dungeon.
             The game lasted 00:06:24 (1314 turns).

PolkaDot the Caller (Vampire Summoner)              Turns: 1314, Time: 00:06:25

HP   0/26        AC  2     Str  7      XL: 3   Next: 28%
MP   0/6         EV 12     Int 23      God:
Gold 94          SH  0     Dex 14      Spells:  2 memorised,  2 levels left

rFire  x . .     SeeInvis +     f - +1 hand axe (chop)
rCold  + . .     Clarity  +     a - +0 robe
rNeg   . . .     rCorr    .     (no shield)
rPois  .         rRot     .     (no helmet)
rElec  .         Spirit   .     (no cloak)
SustAb .         Warding  .     (no gloves)
rMut   .         Stasis   .     (no boots)
Gourm  .                        i - amulet of clarity
MR     .....                    (no ring)
                                e - ring of ice

@: brilliant, very slightly contaminated, regenerating quickly, hasted, very
quick, not resistant to hostile enchantments, unstealthy
A: fangs 3, see invisible, unbreathing
a: no special abilities


You were on level 2 of the Dungeon.
You were very full.

You visited 1 branch of the dungeon, and saw 2 of its levels.

You collected 94 gold pieces.

Inventory:

Hand weapons
 f - a +1 hand axe of chopping (weapon)
Armour
 a - a +0 robe (worn)
Scrolls
 d - a scroll of enchant weapon {unknown}
 g - a scroll of noise {unknown}
 k - a scroll of identify {unknown}
Jewellery
 e - a ring of ice (left hand)
 i - an amulet of clarity (around neck)
Potions
 j - a potion of brilliance
Books
 b - a book of Callings

   Spells                             Type                      Level
   *Summon Small Mammal               Summoning                    1
   Call Imp                           Summoning                    2
   *Call Canine Familiar              Summoning                    3
   Summon Guardian Golem              Hexes/Summoning              4
   Summon Lightning Spire             Summoning/Air                4
   Summon Ice Beast                   Ice/Summoning                4


   Skills:
 * Level 1.4 Fighting
 - Level 2.1 Dodging
 - Level 3.0 Stealth
 - Level 2.0 Spellcasting
 + Level 4.7 Summonings


You had 2 spell levels left.
You knew the following spells:

 Your Spells              Type           Power        Failure   Level  Hunger
a - Summon Small Mammal   Summ           ####         1%          1    #......
d - Call Canine Familiar  Summ           #####...     1%          3    ###....


Dungeon Overview and Level Annotations

Branches:
Dungeon (2/15)

Altars:

Annotations:
D:2 Terence


Innate Abilities, Weirdness & Mutations

Your natural rate of healing is unusually fast.
You have razor-sharp teeth.
You have supernaturally acute eyesight.
You can survive without breathing.


Message History

Your hound bites Terence.
Terence hits your hound with a trident.
Your hound bites Terence.
Your hound closely misses Terence.
Terence hits your hound with a trident.
Your hound barely misses Terence.
Terence closely misses your hound.
Your hound completely misses Terence.
Your hound barely misses Terence.
Terence says to your hound, "How do you enjoy it?"
Terence hits your hound but does no damage.
Your hound bites Terence but does no damage.
Your hound bites Terence.
Terence hits your hound with a trident.
Your hound dies!
Your hound's corpse disappears in a puff of smoke!
Terence says, "Don't bother to defend, it's pointless."
Casting: Call Canine Familiar
Confirm with . or Enter, or press ? or * to list all spells.
* * * LOW MAGIC WARNING * * *
You completely miss Terence.
Terence is almost dead.
Terence hits you with a trident!
You die...

##### #...#
############.@.#
#............h@###
#...........#....#
#...........####.###
#####[...........#.######
######..#............
##...##@#(######
##..##...##
#.........########


You could see Terence and a friendly hound.

Vanquished Creatures
  A ball python (D:1)
  4 bats
  2 giant cockroaches (D:1)
  4 hobgoblins
  5 jackals (D:2)
  A giant gecko (D:1)
  2 giant newts (D:1)
  6 goblins
  2 kobolds (D:1)
  10 rats
37 creatures vanquished.

Vanquished Creatures (collateral kills)
  A giant gecko (D:1)
  A goblin (D:1)
  A hobgoblin (D:1)
3 creatures vanquished.

Vanquished Creatures (others)
  A hound (D:2)
  A rat (D:1)
2 creatures vanquished.

Grand Total: 42 creatures vanquished

Notes
Turn   | Place    | Note
--------------------------------------------------------------
     0 | D:1      | PolkaDot, the Vampire Summoner, began the quest for the Orb.
     0 | D:1      | Reached XP level 1. HP: 13/13 MP: 3/3
   403 | D:1      | Reached XP level 2. HP: 11/19 MP: 4/4
   843 | D:2      | Reached skill level 1 in Fighting
   854 | D:2      | Reached XP level 3. HP: 12/26 MP: 6/6
   932 | D:2      | Learned a level 3 spell: Call Canine Familiar
  1261 | D:2      | Noticed Terence
  1314 | D:2      | Slain by Terence

Action                   || total
-------------------------++-------
Melee: Unarmed           ||    60
       Hand axe          ||    87
       Dagger            ||    10
 Cast: Summon Small Mamm ||     8
       Call Canine Famil ||     2
  Use: Potion            ||     5
 Stab: Sleeping          ||     2
       Distracted        ||     1
  Eat: Corpse            ||    14
